 Dungeon Crawl Stone Soup version 0.29.0-4-gdea44cf6ec (webtiles) character file.

Game seed: 12626849627410368969

1164 qw the Blocker (level 8, -2/48 HPs)
             Began as a Gargoyle Fighter on Sept 6, 2022.
             Slain by Pikel
             ... wielding a +0 whip of freezing
              (3 damage)
             ... on level 6 of the Dungeon.
             The game lasted 00:02:23 (5752 turns).

qw the Blocker (Gargoyle Fighter)                   Turns: 5752, Time: 00:02:23

Health: -2/48      AC: 18    Str: 22    XL:     8   Next: 40%
Magic:  8/8        EV:  4    Int:  9    God:
Gold:   277        SH: 14    Dex:  9    Spells: 7/7 levels left

rFire   . . .      SeeInvis .   Y - +1 war axe (elec)
rCold   . . .      Faith    .   k - +0 tower shield
rNeg    + . .      Spirit   .   f - +0 chain mail
rPois   inf        Reflect  .   c - +0 helmet
rElec   +          Harm     .   (no cloak)
rCorr   .          Rampage  .   b - +0 pair of gloves
Will    .....                   a - +0 pair of boots
Stlth   ..........              (no amulet)
HPRegen 0.16/turn               (no ring)
MPRegen 0.11/turn               (no ring)

@: about to teleport
A: sickness immunity, AC +5, negative energy resistance 1, electricity
resistance, torment resistance 1, petrification resistance
a: no special abilities


You were on level 6 of the Dungeon.
You visited 1 branch of the dungeon, and saw 6 of its levels.

You collected 277 gold pieces.


Innate Abilities, Weirdness & Mutations

You are immune to sickness and miasma.
Your stone body is resilient. (AC +5)
You are immune to poison.
You resist negative energy. (rN+)
You are resistant to electric shocks. (rElec)
You are resistant to unholy torment.
You are immune to petrification.


   Skills:
 - Level 4.1 Fighting
 + Level 5.2 Axes
 - Level 3.2 Armour
 - Level 9.2 Shields


You had 7 spell levels left.
You didn't know any spells.
Your spell library was empty.

Inventory:

Hand Weapons
 n - a +0 flail
 Y - a +1 war axe of electrocution (weapon)
Missiles
 q - a boomerang (quivered)
Armour
 a - a +0 pair of boots (worn)
 b - a +0 pair of gloves (worn)
 c - a +0 helmet (worn)
 f - a +0 chain mail (worn)
 k - a +0 tower shield (worn)
Scrolls
 p - a scroll of identify
Potions
 d - 3 potions of might
 h - 2 potions of curing
 i - a potion of attraction
 j - a potion of lignification
 l - a potion of ambrosia {unknown}
 o - a potion of cancellation {unknown}

Dungeon Overview and Level Annotations

Branches:
Dungeon (6/15)
 Temple: D:4-7

Altars:
Qazlal

Annotations:
D:4 3 runed translucent doors, qw's ghost, amateur MiFi
D:6 Pikel; Sigmund


Message History

You hit Pikel.
Pikel is lightly wounded.
You block Pikel's attack.
You closely miss Pikel.
Pikel is lightly wounded.
The lemure shouts!
You hit the lemure.
Pikel hits you with a +0 whip of freezing.
Pikel freezes you. The lemure hits you!
Pikel says, "You'll feel the lick of my whip!"
You block Pikel's attack. The lemure hits you.
You hit the lemure but do no damage. Lightning courses through the lemure!
The lemure is almost dead.
You hit Pikel. Pikel hits you but does no damage.
You hit the lemure.
The lemure is almost dead.
You barely miss Pikel. You block the lemure's attack.
Pikel hits you but does no damage. You block Pikel's attack.
The lemure hits you but does no damage. The lemure hits you!
You hit the lemure but do no damage.
The lemure is almost dead.
You closely miss Pikel. You slash the lemure!
Pikel hits you with a +0 whip of freezing.
Pikel freezes you. The lemure hits you. The lemure hits you but does no damage.
Pikel hits you but does no damage. You block the lemure's attack. x2
You barely miss the lemure.
The lemure is almost dead.
You closely miss Pikel. You barely miss the lemure. The lemure hits you. x2
Pikel hits you with a +0 whip of freezing.
Pikel freezes you.
5752 ||| READING scroll of teleportation.
As you read the scroll of teleportation, it crumbles to dust.
You feel strangely unstable.
The lemure hits you but does no damage. x2
Pikel hits you with a +0 whip of freezing.
Pikel freezes you.
You die...

#..5##### #.#..5..5#########..#
#.# #...#.......# . #.#
###...####### .. #.### ##K.##
..######...#####@5.###
.........#..#(..5#...##
.........#.....#####..#
................## ##.###
.............<...# #...##
...>#..#.........# ###..###
..#..............######....#
...........................#
...!...../...........#.###.....


You could see Pikel and 2 lemures.

Vanquished Creatures
  2 black bears
  2 ogres
  A centaur (D:5)
  3 phantoms
  2 scorpions
  An orc priest (D:5)
  A jelly (D:6)
  3 iguanas
  4 gnolls (D:2)
  12 adders
  A shadow imp (D:4)
  A white imp (D:5)
  4 dart slugs
  12 orcs
  3 ball pythons
  4 bats
  9 endoplasms
  A giant cockroach (D:2)
  7 goblins
  8 hobgoblins
  2 jackals (D:4)
  2 quokkas (D:5)
  6 frilled lizards
  4 kobolds
  12 rats
107 creatures vanquished.

Notes
Turn   | Place    | Note
-------+----------+-------------------------------------------
     0 | D:1      | qw the Gargoyle Fighter began the quest for the Orb.
     0 | D:1      | Reached XP level 1. HP: 14/14 MP: 1/1
     0 | D:1      | 0 ||| qw: Version: 0.1-a-108-g9e35731
     0 | D:1      | 0 ||| qw: Game counter: 6204
     0 | D:1      | 0 ||| qw: Always use a shield: true
     0 | D:1      | 0 ||| qw: God list: Okawaru
     0 | D:1      | 0 ||| qw: Allow faded altars: false
     0 | D:1      | 0 ||| qw: Do Orc after D:15 true
     0 | D:1      | 0 ||| qw: Do second Lair branch before Depths: true
     0 | D:1      | 0 ||| qw: Lair rune preference: random
     0 | D:1      | 0 ||| qw: Plans: Normal, Zot, God:TSO, Crypt, Tomb, Zig,
                  | Orb
     0 | D:1      | 0 ||| PLANNING D:1-11
    18 | D:1      | 18 ||| Stepping ~*~*~tactically~*~*~ (stealth).
   210 | D:1      | HP: 3/14 [frozen (4)]
   474 | D:1      | Reached XP level 2. HP: 19/19 MP: 2/2
   482 | D:1      | 482 ||| Stepping ~*~*~tactically~*~*~ (stealth).
   948 | D:1      | 948 ||| Stepping ~*~*~tactically~*~*~ (hiding).
   949 | D:1      | 949 ||| Stepping ~*~*~tactically~*~*~ (hiding).
  1170 | D:1      | Reached skill level 3 in Axes
  1381 | D:1      | 1381 ||| UPGRADING to +0 tower shield.
  1391 | D:1      | 1391 ||| DROPPING +0 buckler.
  1392 | D:1      | 1392 ||| READING scroll labelled NESI JAKUNNE.
  1396 | D:1      | 1396 ||| READING scroll labelled ZUAVAJ LAPLAIPS.
  1397 | D:1      | 1397 ||| READING scroll labelled FEWNUL QAEL.
  1398 | D:1      | 1398 ||| DRINKING 2 purple potions.
  1431 | D:2      | 1431 ||| STAIRDANCE
  1439 | D:1      | Reached XP level 3. HP: 22/23 MP: 3/3
  1456 | D:2      | 1456 ||| STAIRDANCE
  1513 | D:2      | Reached skill level 4 in Shields
  1517 | D:2      | Reached XP level 4. HP: 14/28 MP: 4/4
  1662 | D:2      | 1662 ||| DROPPING +0 club.
  1724 | D:2      | 1724 ||| Stepping ~*~*~tactically~*~*~ (stealth).
  2015 | D:2      | Reached skill level 5 in Shields
  2024 | D:2      | 2024 ||| UPGRADING to +0 chain mail.
  2036 | D:2      | 2036 ||| DROPPING +0 scale mail.
  2038 | D:2      | 2038 ||| UPGRADING to +0 pair of gloves.
  2072 | D:2      | 2072 ||| READING scroll labelled EWILU RIVE.
  2073 | D:2      | 2073 ||| READING scroll labelled BAUTUXZEGERPH.
  2119 | D:2      | 2119 ||| UPGRADING to +0 helmet.
  2172 | D:2      | Reached XP level 5. HP: 32/32 MP: 5/5
  2442 | D:2      | 2442 ||| READING scroll labelled EWUELI HIEBLIT.
  2443 | D:2      | 2443 ||| READING scroll labelled YBIFAKL MASIOMM.
  2444 | D:2      | 2444 ||| READING scroll labelled QAGOIRPH PEOXAO.
  2925 | D:3      | 2925 ||| Stepping ~*~*~tactically~*~*~ (hiding).
  2926 | D:3      | 2926 ||| Stepping ~*~*~tactically~*~*~ (hiding).
  3211 | D:3      | Found a faded altar of an unknown god.
  3318 | D:3      | 3318 ||| DRINKING 2 silvery potions.
  3319 | D:3      | 3319 ||| DROPPING potion of flight.
  3344 | D:4      | 3344 ||| Stepping ~*~*~tactically~*~*~ (hiding).
  3363 | D:4      | 3363 ||| Stepping ~*~*~tactically~*~*~ (stealth).
  3371 | D:4      | 3371 ||| Stepping ~*~*~tactically~*~*~ (stealth).
  3375 | D:4      | 3375 ||| Stepping ~*~*~tactically~*~*~ (stealth).
  3382 | D:4      | Reached skill level 6 in Shields
  3382 | D:4      | Reached XP level 6. HP: 35/37 MP: 6/6
  3407 | D:4      | Reached skill level 7 in Shields
  3798 | D:4      | 3798 ||| DROPPING +0 whip.
  3804 | D:4      | Reached XP level 7. HP: 41/41 MP: 7/7
  3817 | D:4      | Found a runed translucent gate.
  3819 | D:4      | Found a runed translucent gate.
  3819 | D:4      | Noticed qw's ghost (amateur MiFi)
  4038 | D:4      | Found a runed translucent gate.
  4275 | D:4      | 4275 ||| READING scroll labelled SYS RAWKUTZI.
  4276 | D:4      | 4276 ||| READING scroll labelled TAUTTIF WEGO.
  4277 | D:4      | 4277 ||| READING scroll labelled METHOEKECW.
  4278 | D:4      | 4278 ||| DRINKING 3 murky green potions.
  4279 | D:4      | 4279 ||| DRINKING 3 blue potions.
  4280 | D:4      | 4280 ||| READING 2 scrolls of identify.
  4280 | D:4      | 4280 ||| IDENTIFYING fuming golden potion
  4281 | D:4      | 4281 ||| DROPPING 2 potions of brilliance.
  4291 | D:5      | Entered Level 5 of the Dungeon
  4292 | D:5      | 4292 ||| Stepping ~*~*~tactically~*~*~ (hiding).
  4313 | D:5      | Reached skill level 8 in Shields
  4401 | D:5      | 4401 ||| Stepping ~*~*~tactically~*~*~ (stealth).
  4402 | D:5      | 4402 ||| Stepping ~*~*~tactically~*~*~ (stealth).
  4408 | D:5      | 4408 ||| Stepping ~*~*~tactically~*~*~ (stealth).
  4462 | D:5      | 4462 ||| Stepping ~*~*~tactically~*~*~ (stealth).
  4463 | D:5      | 4463 ||| Stepping ~*~*~tactically~*~*~ (stealth).
  4464 | D:5      | 4464 ||| Stepping ~*~*~tactically~*~*~ (stealth).
  4465 | D:5      | 4465 ||| FLEEEEING.
  4466 | D:5      | 4466 ||| FLEEEEING.
  4467 | D:5      | 4467 ||| FLEEEEING.
  4468 | D:5      | 4468 ||| FLEEEEING.
  4469 | D:5      | 4469 ||| FLEEEEING.
  4470 | D:5      | 4470 ||| FLEEEEING.
  4471 | D:5      | 4471 ||| FLEEEEING.
  4472 | D:5      | 4472 ||| FLEEEEING.
  4473 | D:5      | 4473 ||| FLEEEEING.
  4474 | D:5      | 4474 ||| FLEEEEING.
  4475 | D:5      | 4475 ||| FLEEEEING.
  4476 | D:5      | 4476 ||| FLEEEEING.
  4477 | D:5      | 4477 ||| STAIRDANCE
  4597 | D:4      | 4597 ||| UPGRADING to +0 pair of boots.
  4788 | D:5      | 4788 ||| Stepping ~*~*~tactically~*~*~ (stealth).
  4804 | D:5      | Reached XP level 8. HP: 38/46 MP: 8/8
  4840 | D:5      | 4840 ||| Stepping ~*~*~tactically~*~*~ (stealth).
  4852 | D:5      | 4852 ||| Stepping ~*~*~tactically~*~*~ (stealth).
  4853 | D:5      | 4853 ||| Stepping ~*~*~tactically~*~*~ (stealth).
  4855 | D:5      | 4855 ||| Stepping ~*~*~tactically~*~*~ (stealth).
  5193 | D:5      | Found a stormy altar of Qazlal.
  5409 | D:5      | 5409 ||| DROPPING amulet of magic regeneration.
  5410 | D:5      | 5410 ||| READING 3 scrolls of identify.
  5410 | D:5      | 5410 ||| IDENTIFYING clear potion
  5411 | D:5      | 5411 ||| READING 2 scrolls of identify.
  5411 | D:5      | 5411 ||| IDENTIFYING grey potion
  5412 | D:5      | 5412 ||| DROPPING potion of magic.
  5434 | D:6      | Reached skill level 9 in Shields
  5595 | D:6      | Noticed Sigmund
  5596 | D:6      | 5596 ||| Stepping ~*~*~tactically~*~*~ (hiding).
  5597 | D:6      | 5597 ||| Stepping ~*~*~tactically~*~*~ (hiding).
  5599 | D:6      | 5599 ||| Stepping ~*~*~tactically~*~*~ (stealth).
  5612 | D:6      | HP: 12/48 [centaur (5)]
  5613 | D:6      | 5613 ||| READING 2 scrolls of teleportation.
  5615 | D:6      | 5615 ||| DRINKING potion of heal wounds.
  5717 | D:6      | 5717 ||| Invisible monster not found???
  5736 | D:6      | Noticed Pikel
  5740 | D:6      | 5740 ||| Stepping ~*~*~tactically~*~*~ (stealth).
  5743 | D:6      | 5743 ||| Stepping ~*~*~tactically~*~*~ (stealth).
  5745 | D:6      | 5745 ||| Stepping ~*~*~tactically~*~*~ (stealth).
  5751 | D:6      | HP: 9/48 [Pikel/+0 whip of freezing (6)]
  5752 | D:6      | 5752 ||| READING scroll of teleportation.
  5752 | D:6      | HP: 1/48 [Pikel/+0 whip of freezing (6)]
  5752 | D:6      | Slain by Pikel

Levels and vault maps discovered:
D:1:      lordsloth_arrival_two_stooges, layout_basic, minmay_pentomino_p4
D:2:      layout_basic, minivault_25, nicolae_concentric_dashed_squares_wild,
          nicolae_underground_beach
D:3:      layout_basic, dreamdust_ecumenical_altar_angels_and_demons
D:4:      layout_cave_pools, gammafunk_ghost_split
D:5:      layout_cave_pools, mainiacjoe_overflow_24_doors
D:6:      layout_rooms, makhleb_altar_promises_db, minmay_temple_entry_ruins,
          uniq_pikel, uniq_sigmund

Skill      XL: |  1  2  3  4  5  6  7  8 |
---------------+-------------------------+-----
Axes           | 2 3 4 5 |  5.2
Shields        | 4 5 6 7 8 9 |  9.2
Fighting       | 4 |  4.1
Armour         | |  3.2

Action                   |  1- 3 |  4- 6 |  7- 9 || total
-------------------------+-------+-------+-------++-------
Melee: War axe           |    67 |   159 |   102 ||   328
Throw: Boomerang         |       |    33 |    32 ||    65
  Use: Scroll            |     3 |     5 |     8 ||    16
       Potion            |     1 |     1 |     3 ||     5
Armor: Scale mail        |    29 |    15 |       ||    44
       Chain mail        |       |    75 |   103 ||   178
Dodge: Dodged            |    16 |    24 |    20 ||    60
Block: Buckler           |     9 |       |       ||     9
       Tower shield      |    13 |   127 |   109 ||   249

Table legend:
 A = Non-vault XP
 B = Vault XP
 C = Vault XP percentage of total XP
 D = Non-vault monster count
 E = Vault monster count
 F = Vault count percentage of total count
                 A         B        C        D         E       F
            +---------+---------+-------+---------+---------+-------
      Total |    1661 |       2 |   0.1 |     106 |       1 |   0.9
            +---------+---------+-------+---------+---------+-------
        D:1 |      44 |       2 |   4.3 |      21 |       1 |   4.5
        D:2 |     123 |       0 |   0.0 |      27 |       0 |   0.0
        D:3 |      71 |       0 |   0.0 |      14 |       0 |   0.0
        D:4 |     578 |       0 |   0.0 |      22 |       0 |   0.0
        D:5 |     596 |       0 |   0.0 |      19 |       0 |   0.0
        D:6 |     249 |       0 |   0.0 |       3 |       0 |   0.0
            +---------+---------+-------+---------+---------+-------
